 Dungeon Sprint DCSS version 0.22.0-21-g8bd1b0a (webtiles) character file.

1100000 poirepourri the Wrestler (level 15, -41/104 HPs)
             Began as a Gargoyle Gladiator on Aug 19, 2018.
             Was a Follower of Makhleb.
             Annihilated by a meat berserker
             ... wielding a +9 battleaxe
              (45 damage)
             ... in the Dungeon (Sprint VIII: "Arena of Blood").
             The game lasted 00:00:13 (11 turns).

poirepourri the Wrestler (Gargoyle Gladiator)         Turns: 11, Time: 00:00:14

Health: -41/104    AC: 15    Str: 18    XL:     15   Next: 18%
Magic:  15/15      EV: 27    Int: 10    God:    Makhleb [*.....]
Gold:   0          SH:  0    Dex: 16    Spells: 14/14 levels left

rFire    . . .     SeeInvis .   k - +∞ Axe of Woe
rCold    . . .     Gourm    .   (shield currently unavailable)
rNeg     + . .     Faith    .   a - +0 leather armour
rPois    ∞         Spirit   .   b - +0 helmet
rElec    +         Reflect  .   (no cloak)
rCorr    .         Harm     .   (no gloves)
MR       +....     NoTele   +   (no boots)
Stlth    +.........             (no amulet)
HPRegen  0.27/turn              (no ring)
MPRegen  0.14/turn              (no ring)

@: no status effects
A: big wings, negative energy resistance 1, electricity resistance, unbreathing,
petrification resistance, rot immunity, AC +11
a: Fly, Renounce Religion


You were in the Dungeon.
You worshipped Makhleb.
Makhleb was aware of your devotion.
You were not hungry.

You visited 1 branch

Inventory:

Hand Weapons
 k - the +∞ Axe of Woe (weapon)
   (You found it in the Dungeon)
Missiles
 c - 3 throwing nets (quivered)
Armour
 a - a +0 leather armour (worn)
 b - a +0 helmet (worn)
Scrolls
 j - a scroll of blinking
Potions
 e - a potion of curing
 f - a potion of heal wounds
 g - a potion of haste
 h - 2 potions of magic
 i - a potion of berserk rage
Comestibles
 d - a ration


   Skills:
 + Level 15.9 Fighting
 + Level 8.7 Axes
 + Level 12.9 Throwing
 + Level 4.3 Armour
 + Level 20.4 Dodging
 + Level 23.9 Unarmed Combat


You had 14 spell levels left.
You didn't know any spells.
Your spell library was empty.

Dungeon Overview and Level Annotations

Branches:
Dungeon (1/1)

Altars:
Makhleb


Innate Abilities, Weirdness & Mutations

You are resistant to torment.
Your stone body is resilient. (AC +11)
You are immune to poison.
Your large and strong wings let you fly indefinitely.
You resist negative energy. (rN+)
You are resistant to electric shocks. (rElec)
You can survive without breathing.
You are immune to petrification.
You are immune to rotting.


Message History

You hear a shout! x2
A meat berserker comes into view. It is wielding a +9 battleaxe.
You slash the bag of meat!
You fatally mangle the bag of meat.
You kill the bag of meat!
Makhleb accepts your kill.
Your Axes skill increases to level 8!
Your Dodging skill increases to level 20!
Your Unarmed Combat skill increases to level 23!
You have reached level 15!
Your experience leads to an increase in your attributes!
Increase (S)trength, (I)ntelligence, or (D)exterity?
You feel agile.
You hear a shout! x9
The meat berserker completely misses you.
You hear a shout! x4
The bag of meat hits you with a +9 war axe!!
* * * LOW HITPOINT WARNING * * *
You hear a shout! x5
The meat berserker hits you with a +9 battleaxe!!!
You die...

..... .. #...
.# . #.O. ..#
..###... ..###.
......###......
....._......
#Oo...# #@)<._#
#)....#
...o._......
......###......
..###... ..###.
. #... ..# #...
.# ..... ..


You could see 2 meat berserkers and 2 bags of meat.

Vanquished Creatures
  An ogre (D)
  3 orcs (D)
4 creatures vanquished.

Notes
Turn   | Place    | Note
-------+----------+-------------------------------------------
     0 | D        | Found the +∞ Axe of Woe
     0 | D        | poirepourri the Gargoyle Gladiator began the quest for the Orb.
     0 | D        | Reached XP level 1. HP: 12/12 MP: 1/1
     2 | D        | Noticed a bag of meat
     4 | D        | Became a worshipper of Makhleb the Destroyer
     5 | D        | Noticed a bag of meat
     6 | D        | Noticed a meat berserker
     6 | D        | Noticed a bag of meat
     7 | D        | Killed a bag of meat
     7 | D        | Reached skill level 15 in Dodging
     7 | D        | Reached skill level 17 in Unarmed Combat
     7 | D        | Reached XP level 2. HP: 29/29 MP: 2/2
     7 | D        | Reached XP level 3. HP: 34/34 MP: 3/3
     7 | D        | Reached XP level 4. HP: 40/40 MP: 4/4
     7 | D        | Reached XP level 5. HP: 44/44 MP: 5/5
     7 | D        | Reached XP level 6. HP: 49/49 MP: 6/6
     7 | D        | Reached XP level 7. HP: 54/54 MP: 7/7
     7 | D        | Reached XP level 8. HP: 60/60 MP: 8/8
     7 | D        | Reached XP level 9. HP: 64/64 MP: 9/9
     7 | D        | Reached XP level 10. HP: 70/70 MP: 10/10
     7 | D        | Reached XP level 11. HP: 75/75 MP: 11/11
     7 | D        | Reached XP level 12. HP: 80/80 MP: 12/12
     7 | D        | Noticed a bag of meat
    10 | D        | Killed a meat berserker
    10 | D        | Reached * piety under Makhleb
    10 | D        | Reached skill level 21 in Unarmed Combat
    10 | D        | Reached XP level 13. HP: 25/90 MP: 13/13
    10 | D        | Gained mutation: Your large and strong wings let you fly indefinitely. [Gargoyle growth]
    10 | D        | Reached XP level 14. HP: 27/96 MP: 14/14
    10 | D        | Killed a bag of meat
    10 | D        | Reached skill level 15 in Fighting
    10 | D        | Reached skill level 22 in Unarmed Combat
    10 | D        | Noticed a meat berserker
    10 | D        | Noticed a bag of meat
    10 | D        | Noticed a meat berserker
    11 | D        | Killed a bag of meat
    11 | D        | Reached skill level 23 in Unarmed Combat
    11 | D        | Reached XP level 15. HP: 28/104 MP: 15/15
    11 | D        | HP: 4/104 [bag of meat/+9 war axe (24)]
    11 | D        | Annihilated by a meat berserker

Skill      XL: |  1  2  3  4  5  6  7  8  9 10 11 12 13 14 |
---------------+-------------------------------------------+-----
Fighting       | 11 14 15 | 15.9
Axes           | 3 6 8 |  8.7
Throwing       | 9 11 12 | 12.9
Dodging        | 15 18 20 | 20.4
Unarmed Combat | 17 21 23 | 23.9
Armour         | 3 4 |  4.3

Action                   |  1- 3 |  4- 6 |  7- 9 | 10-12 | 13-15 || total
-------------------------+-------+-------+-------+-------+-------++-------
Melee: Executioner's axe |     1 |       |       |     1 |     1 ||     3
Dodge: Dodged            |       |       |       |       |     1 ||     1
